 Dungeon Crawl Stone Soup version 0.30-a0-782-ge64f9170bb (webtiles) character file.

Game seed: 13902186387663014336

925 tilp the Slasher (level 8, -5/70 HPs)
             Began as a Meteoran Fighter on Feb 23, 2023.
             Was an Initiate of Okawaru.
             Slain by a hornet (11 damage)
             ... on level 7 of the Dungeon.
             The game lasted 00:10:57 (2276 turns).

tilp the Slasher (Meteoran Fighter)                 Turns: 2276, Time: 00:10:58

Health: -5/70      AC: 14    Str: 19    XL:     8   Next: 58%
Magic:  9/9        EV:  6    Int:  9    God:    Okawaru [......]
Gold:   184        SH:  5    Dex: 15    Spells: 7/7 levels left

rFire   . . .      SeeInvis +    a - +1 long sword
rCold   + . .      Faith    +    c - +0 buckler
rNeg    . . .      Spirit   .    r - +0 plate armour
rPois   .          Reflect  .    (no helmet)
rElec   .          Harm     .    s - +0 cloak
rCorr   .          Rampage  .    o - +0 pair of gloves
Will    +....                    (no boots) Stlth
                                 i - amulet of faith
HPRegen 0.31/turn                e - ring of protection from cold
MPRegen 0.11/turn                h - ring of see invisible

@: mighty, lethally poisoned (-5 -> -21), slowed, glowing, very slow
A: sense surroundings 1, otherworldly, glowing, explore regen
a: Renounce Religion


You were on level 7 of the Dungeon.
You worshipped Okawaru.
Okawaru was noncommittal.
You visited 2 branches of the dungeon, and saw 8 of its levels.

You collected 297 gold pieces.
You spent 113 gold pieces at shops.

Inventory:

Hand Weapons
 a - a +1 long sword (weapon)
 b - a +0 dagger of speed
Missiles
 l - 28 stones (quivered)
 q - a boomerang
Armour
 c - a +0 buckler (worn)
 f - an orb of mayhem
 o - a +0 pair of gloves (worn)
 r - a +0 plate armour (worn)
 s - a +0 cloak (worn)
Jewellery
 e - a ring of protection from cold (left hand)
 h - a ring of see invisible (right hand)
 i - an amulet of faith (around neck)
Scrolls
 m - 2 scrolls of teleportation
 p - a scroll of enchant weapon
Potions
 g - 2 potions of curing
 j - a potion of magic
 k - a potion of attraction
 n - a potion of cancellation {unknown}
 t - a potion of resistance {unknown}


   Skills:
 * Level 6.0 Fighting
 * Level 7.9 Long Blades
 - Level 2.0 Throwing
 - Level 4.0 Armour
 + Level 4.0 Dodging
 - Level 4.0 Shields


You had 7 spell levels left.
You didn't know any spells.
Your spell library was empty.

Dungeon Overview and Level Annotations

Branches:
Dungeon (7/15) Zot: 1935   Temple (1/1) D:5 Zot: 532

Altars:
Ashenzari
Cheibriados
Dithmenos
Elyvilon
Gozag
Hepliaklqana
Kikubaaqudgha
Makhleb
Nemelex Xobeh
Okawaru
Qazlal
Ru
Uskayaw
Yredelemnul
Zin

Shops:
D:6 **


Innate Abilities, Weirdness & Mutations

You passively map a small area around you.
You are easily found by Zot.
You glow in the dark.
You regain HP and MP as you explore.


Message History

You slash the hornet!
The hornet is moderately wounded.
The hornet stings you.
You feel yourself slow down.
You hit the hornet but do no damage.
The hornet is moderately wounded.
You feel yourself speed up.
The hornet stings you but does no damage.
The hornet stings you.
You are poisoned.
You feel yourself slow down.
The orc priest hits you with a +0 flail.
You closely miss the hornet.
The hornet is moderately wounded.
You feel very sick. The hornet stings you.
You feel as though you will be slow longer.
The hornet stings you.
You are more poisoned.
You feel as though you will be slow longer.
The orc priest hits you with a +0 flail!
The hornet stings you.
* * * LOW HITPOINT WARNING * * *
You feel as though you will be slow longer.
The orc priest hits you but does no damage.
You barely miss the hornet.
The hornet is moderately wounded.
You feel extremely sick. The hornet stings you!
* * * LOW HITPOINT WARNING * * *
You are lethally poisoned!
You feel as though you will be slow longer.
The orc priest hits you but does no damage.
You block the hornet's attack.
Unknown command.
You miss the hornet.
The hornet is moderately wounded.
* * * LOW HITPOINT WARNING * * *
You feel extremely sick. The hornet stings you!
You die...

, ..,#..# .# * ,
.#####..######.# *
...............# *
* ** ,
.#####.).####..# ,
,* ##........# , ,
#####........#
,>.............#
*######.......# * ,
#.@y.)......#
*,#......o........#
,#.###.###.......#
, #.**####.##.# , ,
,, #. ,, ...#.# , ,
## * .....# , ,
...### * , , *
.#..# , ** ,, ,


You could see a hornet and an orc priest.

Vanquished Creatures
  2 ogres (D:6)
  2 centaurs
  3 phantoms
  A scorpion (D:3)
  A jelly (D:4)
  2 hounds
  An iguana (D:5)
  Natasha (D:3)
  An orc wizard (D:3)
  4 gnolls (D:4)
  4 adders
  An ufetubus (D:5)
  2 worms
  A dart slug (D:2)
  8 orcs
  4 bats
  5 endoplasms
  2 giant cockroaches
  6 hobgoblins
  4 jackals (D:1)
  2 quokkas (D:4)
  7 ball pythons
  3 frilled lizards (D:3)
  3 goblins
  5 kobolds
  5 rats
80 creatures vanquished.

Notes
Turn   | Place    | Note
-------+----------+-------------------------------------------
     0 | D:1      | tilp the Meteoran Fighter began the quest for the Orb.
     0 | D:1      | Reached XP level 1. HP: 19/19 MP: 2/2
    31 | D:1      | Reached XP level 2. HP: 21/26 MP: 3/3
   117 | D:1      | Reached skill level 3 in Long Blades
   181 | D:2      | Noticed a floating eye
   188 | D:2      | Reached skill level 1 in Dodging
   188 | D:2      | Reached XP level 3. HP: 33/33 MP: 4/4
   207 | D:2      | Found a faded altar of an unknown god.
   209 | D:2      | Noticed a floating eye
   220 | D:2      | Noticed a golden eye
   232 | D:2      | Noticed a shining eye
   262 | D:2      | Reached XP level 4. HP: 39/40 MP: 5/5
   403 | D:3      | Noticed a scorpion
   412 | D:3      | Killed a scorpion
   413 | D:3      | Reached skill level 4 in Long Blades
   413 | D:3      | Reached XP level 5. HP: 29/46 MP: 6/6
   521 | D:3      | Reached skill level 5 in Long Blades
   685 | D:4      | Reached XP level 6. HP: 29/52 MP: 7/7
   694 | D:4      | Reached skill level 6 in Long Blades
   938 | D:3      | Found a glowing silver altar of Zin.
  1228 | D:3      | Noticed Natasha
  1239 | D:3      | Killed Natasha
  1287 | D:3      | Found a snail-covered altar of Cheibriados.
  1416 | D:5      | Entered Level 5 of the Dungeon
  1472 | D:4      | Reached skill level 1 in Throwing
  1472 | D:4      | Reached XP level 7. HP: 56/60 MP: 8/8
  1941 | D:6      | Reached skill level 5 in Fighting
  1941 | D:6      | Reached skill level 7 in Long Blades
  1941 | D:6      | Reached XP level 8. HP: 11/68 MP: 9/9
  2027 | D:5      | Found a staircase to the Ecumenical Temple.
  2036 | Temple   | Entered the Ecumenical Temple
  2090 | Temple   | Became a worshipper of Warmaster Okawaru
  2159 | D:6      | Found Emnyuzxa's Assorted Antiques.
  2175 | D:6      | Bought a scroll labelled JYEGEDGH DOCZAT for 29 gold pieces
  2175 | D:6      | Bought a silvery potion for 26 gold pieces
  2175 | D:6      | Bought a scroll of identify for 58 gold pieces
  2220 | D:6      | Found Negelef's General Store.
  2266 | D:7      | Noticed a hornet
  2276 | D:7      | Slain by a hornet

Illustrated notes

Levels and vault maps discovered:
D:1:      psy_arrival_terrarium, layout_rooms
D:2:      layout_loops_ring, hellmonk_ecumenical_altar_watching_god,
          basic_altar, minmay_tromino_i2
D:3:      layout_basic, marbit_many_paths, cheibriados_altar_1, uniq_natasha
D:4:      layout_basic
D:5:      layout_cave_pods, nicolae_vehumet_altar_sigil, temple_hall
D:6:      layout_loops_corners, nzn_wu_jian_council_hall, serial_shops,
          kennysheep_mini, shop_fountains, shop, nicolae_shop_statue_plus,
          nicolae_take_the_stairs, uniq_grinder
D:7:      layout_loops_ring, mainiacjoe_overflow_boulevard, grunt_potential
Temple:   nicolae_temple_bog_church

Skill      XL: |  1  2  3  4  5  6  7  8 |
---------------+-------------------------+-----
Long Blades    | 3 4 5 6 7 |  7.9
Dodging        | 1 2 3 4 |  4.0
Fighting       | 4 5 6 |  6.0
Throwing       | 1 2 |  2.0
Armour         | 4 |  4.0
Shields        | 4 |  4.0

Action                     |  1- 3 |  4- 6 |  7- 9 || total
---------------------------+-------+-------+-------++-------
  Melee: Long sword        |    60 |   146 |   103 ||   309
  Throw: Stone             |       |     1 |     3 ||     4
    Use: Scroll            |       |     9 |     4 ||    13
         Potion            |       |     2 |     1 ||     3
 Armour: Scale mail        |    22 |    74 |       ||    96
         Plate armour      |       |     2 |    57 ||    59
  Dodge: Dodged            |    24 |    50 |    16 ||    90
  Block: Buckler           |    12 |    43 |    34 ||    89

Table legend: (Time is in decaauts)
 A = Elapsed time spent in this place.
 B = Non-inter-level travel time spent in this place.
 C = Inter-level travel time spent in this place.
 D = Time resting spent in this place.
 E = Time spent auto-exploring this place.
 F = Levels seen in this place.
 G = Mean time per level.
                   A        B        C        D        E       F      G
               +--------+--------+--------+--------+--------+-----+--------+
         Total |   2331 |   1959 |    372 |      7 |      0 |   8 |  291.4 |
       Dungeon |   2263 |   1903 |    360 |      7 |      0 |   7 |  323.3 |
        Temple |     68 |     56 |     12 |      0 |      0 |   1 |   68.0 |
               +--------+--------+--------+--------+--------+-----+--------+

Top non-repeatable levels by time:
     D:3: 820 daAuts
     D:4: 672 daAuts
     D:2: 268 daAuts
     D:5: 188 daAuts
     D:1: 164 daAuts
     D:6: 114 daAuts
  Temple: 68 daAuts
     D:7: 34 daAuts
